 Dungeon Crawl Stone Soup version 0.27.1-2-g3b301248ec (webtiles) character file.

Game seed: 3965608489931746034

461 Borgoz the Skirmisher (level 7, -2/44 HPs)
             Began as a Gargoyle Berserker on Sept 27, 2021.
             Was a Priest of Trog.
             Slain by a gnoll (6 damage)
             ... on level 4 of the Dungeon.
             The game lasted 00:05:02 (3822 turns).

Borgoz the Skirmisher (Gargoyle Berserker)          Turns: 3822, Time: 00:05:02

Health: -2/44      AC: 19    Str: 28    XL:     7   Next: 7%
Magic:  7/7        EV: 11    Int:  7    God:    Trog [***...]
Gold:   54         SH:  5    Dex: 10    Spells: 6/6 levels left

rFire    . . .     SeeInvis .   p - +0 flail
rCold    . . .     Faith    .   (no shield)
rNeg     + . .     Spirit   .   e - +0 scale mail
rPois    ∞         Reflect  +   d - +0 helmet
rElec    +         Harm     .   (no cloak)
rCorr    .         Rampage  .   n - +0 pair of gloves
Will     .....                  b - +0 pair of boots
Stlth    ..........             o - amulet of reflection
HPRegen  0.14/turn              m - +6 ring of strength
MPRegen  0.10/turn              a - +4 ring of protection

@: on berserk cooldown, slowed, invisible, very slow
A: sickness immunity, AC +4, negative energy resistance 1, electricity
resistance, torment resistance 1, petrification resistance
a: Renounce Religion, Berserk, Trog's Hand


You were on level 4 of the Dungeon.
You worshipped Trog.
Trog was most pleased with you.
You visited 1 branch of the dungeon, and saw 4 of its levels.

You collected 227 gold pieces.
You spent 173 gold pieces at shops.

Inventory:

Hand Weapons
 p - a +0 flail (weapon)
Armour
 b - a +0 pair of boots (worn)
 d - a +0 helmet (worn)
 e - a +0 scale mail (worn)
 n - a +0 pair of gloves (worn)
Jewellery
 a - a +4 ring of protection (right hand)
 h - a ring of protection from fire
 m - a +6 ring of strength (left hand)
 o - an amulet of reflection (around neck)
Scrolls
 g - a scroll of fog
 k - a scroll of blinking {unknown}
 q - a scroll of acquirement {unknown}
Potions
 c - 3 potions of heal wounds
 f - 4 potions of curing
 j - a potion of flight {unknown}
 l - 2 potions of might {unknown}
 r - a potion of haste


   Skills:
 * Level 5.3 Fighting
 * Level 4.8 Maces & Flails
 * Level 4.7 Armour
 + Level 2.6 Dodging


You had 6 spell levels left.
You didn't know any spells.
Your spell library was empty.

Dungeon Overview and Level Annotations

Branches:
Dungeon (4/15)
 Temple: D:4-7

Altars:
Elyvilon
Zin
The Shining One

Shops:
D:2 [   D:3 ?   D:4 *


Innate Abilities, Weirdness & Mutations

You are immune to sickness and miasma.
Your stone body is resilient. (AC +4)
You are immune to poison.
You resist negative energy. (rN+)
You are resistant to electric shocks. (rElec)
You are resistant to unholy torment.
You are immune to petrification.


Message History

You have reached level 7!
You sock the gnoll!
You kill the gnoll!
Trog accepts your kill. The gnoll hits you with a +0 flail.
The gnoll hits you with a +0 spear.
You bludgeon the gnoll!!
You kill the gnoll!
Trog accepts your kill. The gnoll hits you with a +0 flail.
An orc comes into view. It is wielding a +0 morningstar.
You sock the orc wizard!
The orc wizard is severely wounded.
You are no longer berserk.
You are exhausted.
You feel yourself slow down. The gnoll closely misses you.
You miss the orc wizard.
The orc wizard is severely wounded.
The gnoll hits you but does no damage.
The orc wizard hits you but does no damage.
An orc priest comes into view. It is wielding a +0 short sword.
The orc priest closely misses you. The gnoll hits you but does no damage.
You barely miss the orc wizard.
The orc wizard is severely wounded.
The orc wizard hits you but does no damage.
The orc priest hits you but does no damage.
The gnoll hits you but does no damage.
The orc wizard hits you but does no damage.
The orc priest hits you but does no damage.
You hit the orc wizard but do no damage.
The orc wizard is severely wounded.
The gnoll closely misses you. The orc wizard barely misses you.
The orc priest invokes the aid of Beogh against you.
Beogh smites you! You block the gnoll's attack.
The orc wizard hits you but does no damage.
You fade into invisibility!
The orc priest calls down the wrath of Beogh upon you.
Beogh smites you!
* * * LOW HITPOINT WARNING * * *
The gnoll hits you with a +0 flail.
You die...

... ...... ... ....#.... ...
....#.... .. ...........
........#K .......oo ......og#
#+#............o@###########
.............................
.#........##.........#.......#
.#........##.................#
..#.......###...#............#
..#.......?.#...#...........(#
..#..##.....######...........#
.....##.....###..............#
........†....................#


You could see 2 orc priests, an orc wizard, a gnoll, an orc and a kobold.

Vanquished Creatures
  An ice beast (D:3)
  A phantom (D:3)
  A scorpion (D:4)
  A gnoll shaman (D:4)
  An orc wizard (D:3)
  A howler monkey skeleton (D:4)
  4 adders
  3 gnolls
  An ufetubus (D:4)
  2 worms
  4 dart slugs
  4 orcs (D:3)
  4 ball pythons
  6 bats
  8 endoplasms
  8 giant cockroaches
  6 goblins
  4 hobgoblins
  4 jackals (D:1)
  7 quokkas
  4 frilled lizards (D:2)
  12 kobolds
87 creatures vanquished.

Vanquished Creatures (others)
  A quokka (D:3)
1 creature vanquished.

Grand Total: 88 creatures vanquished

Notes
Turn   | Place    | Note
-------+----------+-------------------------------------------
     0 | D:1      | Borgoz the Gargoyle Berserker began the quest for the Orb.
     0 | D:1      | Reached XP level 1. HP: 14/14 MP: 1/1
   233 | D:1      | Reached XP level 2. HP: 16/19 MP: 2/2
   497 | D:1      | Reached XP level 3. HP: 24/24 MP: 3/3
   583 | D:1      | Reached ** piety under Trog
  1035 | D:2      | Found Harch's Antique Armour Emporium.
  1415 | D:2      | Reached XP level 4. HP: 28/29 MP: 4/4
  1417 | D:2      | Reached skill level 4 in Fighting
  1671 | D:2      | Found a faded altar of an unknown god.
  2146 | D:3      | Noticed an ice beast
  2154 | D:3      | Killed an ice beast
  2155 | D:3      | Reached XP level 5. HP: 34/34 MP: 5/5
  2302 | D:3      | Found Bicsu's Magic Scroll Emporium.
  2559 | D:3      | Noticed a phantom
  2576 | D:3      | Killed a phantom
  2577 | D:3      | Reached XP level 6. HP: 25/40 MP: 6/6
  3501 | D:4      | Found a glowing golden altar of the Shining One.
  3502 | D:4      | Found a white marble altar of Elyvilon.
  3504 | D:4      | Found a glowing silver altar of Zin.
  3536 | D:4      | Found Notisch's Assorted Antiques.
  3542 | D:4      | Bought a shiny ruby ring for 110 gold pieces
  3542 | D:4      | Bought a glowing pink potion for 19 gold pieces
  3542 | D:4      | Bought a scroll of identify for 44 gold pieces
  3732 | D:4      | Reached skill level 5 in Fighting
  3816 | D:4      | Reached XP level 7. HP: 44/44 MP: 7/7
  3817 | D:4      | Reached *** piety under Trog
  3822 | D:4      | Slain by a gnoll

Illustrated notes

Levels and vault maps discovered:
D:1:      dpeg_arrival_rhombi, layout_loops_cross, minmay_small_reverse_x
D:2:      cheibrodos_old_hovel, layout_basic, serial_shops,
          nicolae_shop_behind_doors, shapermc_ecumenical_altar_totnotflames,
          minmay_misc_feat_four_crosses, minmay_circle_x
D:3:      layout_basic, serial_shops, shop_fountains, lemuel_flame_loot_1
D:4:      layout_basic, good_gods_temple_1, serial_shops, shop

Skill      XL: |  1  2  3  4  5  6 |
---------------+-------------------+-----
Armour         | 3 4 |  4.7
Fighting       | 4 5 |  5.3
Maces & Flails | 4 |  4.8
Dodging        | 2 |  2.6

Action                   |  1- 3 |  4- 6 |  7- 9 || total
-------------------------+-------+-------+-------++-------
Melee: Mace              |   129 |    63 |       ||   192
       Flail             |       |    82 |     6 ||    88
Invok: Berserk           |     1 |     3 |       ||     4
       Trog's Hand       |     1 |       |       ||     1
  Use: Scroll            |       |     9 |       ||     9
       Potion            |       |       |     1 ||     1
Armor: Animal skin       |     4 |       |       ||     4
       Scale mail        |    79 |    94 |     9 ||   182
Dodge: Dodged            |    78 |    79 |     4 ||   161
Block: Other             |       |    29 |     1 ||    30
       Reflection        |       |     1 |       ||     1
